 Dungeon Crawl Stone Soup version 0.22-a0-479-gc6e99f3 (webtiles) character file.

12931 vineage the Cleaver (level 12, 0/99 (100) HPs)
             Began as a Hill Orc Fighter on June 14, 2018.
             Succumbed to aronpayne's ghost's toxic radiance
             ... on level 1 of the Lair of Beasts.
             The game lasted 00:13:20 (10947 turns).

vineage the Cleaver (Hill Orc Fighter)             Turns: 10947, Time: 00:13:21

HP:   0/99 (100)    AC: 15    Str: 24    XL:     12   Next: 0%
MP:   12/12         EV:  6    Int:  8    God:
Gold: 424           SH: 12    Dex: 14    Spells: 11/11 levels left

rFire    + . .     SeeInvis .   i - +3 hand axe (flame)
rCold    . . .     Gourm    .   c - +0 shield
rNeg     . . .     Faith    .   g - +0 plate armour
rPois    .         Spirit   .   b - +1 hat
rElec    .         Reflect  .   (no cloak)
rCorr    .         Harm     .   (no gloves)
MR       .....                  (no boots)
Stlth    ..........             d - amulet of regeneration
HPRegen  0.66/turn              v - +4 ring of dexterity
MPRegen  0.13/turn              y - ring of protection from fire

@: lethally poisoned (0 -> -9)
A: frail 1, screaming 1, wild magic 1
a: no special abilities


You were on level 1 of the Lair of Beasts.
You were not hungry.

You visited 2 branches of the dungeon, and saw 9 of its levels.

You collected 424 gold pieces.

Inventory:

Hand Weapons
 a - a +0 war axe of venom
 i - a +3 hand axe of flaming (weapon)
Armour
 b - a +1 hat (worn)
 c - a +0 shield (worn)
 g - a +0 plate armour (worn)
Jewellery
 d - an amulet of regeneration (around neck)
 v - a +4 ring of dexterity (left hand)
 y - a ring of protection from fire (right hand)
Wands
 e - a wand of enslavement (18)
 t - a wand of paralysis (9)
Scrolls
 h - 5 scrolls of enchant armour
 k - a scroll of torment
 l - 2 scrolls of remove curse
 m - 2 scrolls of immolation
 q - 2 scrolls of random uselessness
 r - a scroll of enchant weapon
 u - 2 scrolls of fear
Potions
 n - a potion of invisibility
Comestibles
 f - 13 rations


   Skills:
 * Level 12.3 Fighting
 + Level 14.6 Axes
 + Level 9.3 Armour
 + Level 9.2 Shields


You had 11 spell levels left.
You didn't know any spells.
Your spell library contained the following spells:

 Spells                   Type           Power        Failure   Level  Hunger
 Cause Fear               Hex            #.........   100%        4    #####..
 Magic Dart               Conj           #...         100%        1    ##.....
 Conjure Flame            Conj/Fire      #.......     100%        3    ####...
 Slow                     Hex            #.......     100%        2    ###....
 Mephitic Cloud           Conj/Pois/Air  #.......     100%        3    ####...
 Blink                    Tloc           N/A          100%        2    ###....
 Call Imp                 Summ           #.......     100%        2    ###....
 Corona                   Hex            #......      100%        1    ##.....
 Portal Projectile        Hex/Tloc       #.....       100%        3    ####...
 Leda's Liquefaction      Hex/Erth       #.........   100%        4    #####..
 Inner Flame              Hex/Fire       #.......     100%        3    ####...


Dungeon Overview and Level Annotations

Branches:
Dungeon (10/15)              Lair (1/6) D:10
 Temple: D:4-7          Orc: D:9-12

Altars:
Ashenzari
Fedhas
Gozag
Nemelex Xobeh
Vehumet
Wu Jian
Xom

Annotations:
Lair:1 aronpayne's ghost, journeyman GnVM


Innate Abilities, Weirdness & Mutations

You are frail. (-10% HP)
You occasionally shout uncontrollably at your foes.
Your spells are a little harder to cast, but a little more powerful.


Message History

You are electrocuted!
* * * LOW HITPOINT WARNING * * *
You miss aronpayne's ghost.
Aronpayne's ghost is heavily damaged.
* * * LOW HITPOINT WARNING * * *
You feel sick.
You hit aronpayne's ghost. You burn aronpayne's ghost.
Aronpayne's ghost is severely damaged.
* * * LOW HITPOINT WARNING * * *
You feel sick.
* * * LOW HITPOINT WARNING * * *
You are more poisoned.
Aronpayne's ghost hits you but does no damage.
You hit aronpayne's ghost. You burn aronpayne's ghost.
Aronpayne's ghost is severely damaged.
* * * LOW HITPOINT WARNING * * *
You feel sick.
You closely miss aronpayne's ghost.
Aronpayne's ghost is severely damaged.
You die...

........................
........................
#..#.................###
........#.+#.#.......##.
.......#........#....##.
...#...#........#.....+.
...#...+........#.....P.
.......#........#....##.
...P...@.#.#..##.....##.
...#..W..............###
...#.).....!.........###
#............. ......
............... ......
............... ......
............... ......
............... ...## #


You could see aronpayne's ghost.

Vanquished Creatures
  Gastronok (Lair:1)
  A hydra (D:9)
  2 two-headed ogres (D:9)
  2 unseen horrors (D:10)
  A black mamba (Lair:1)
  The ghost of vineage the Cleaver, a novice HOFi (D:5)
  2 gargoyles (D:10)
  A spiny frog (Lair:1)
  A troll (D:10)
  2 dream sheep (D:9)
  5 yaks (D:9)
  A steam dragon (D:10)
  A vampire mosquito (D:10)
  Menkaure (D:5)
  2 hell hounds (D:10)
  A soldier ant (D:10)
  2 orc warriors
  3 ice beasts
  A black bear (D:10)
  2 sky beasts (D:10)
  A phantom (D:6)
  2 necrophages (D:10)
  4 ogres
  4 centaurs
  3 big kobolds (D:9)
  5 bullfrogs
  6 scorpions
  6 killer bees (D:10)
  4 wights (D:10)
  4 howler monkeys
  2 crimson imps
  2 centaur zombies
  3 quasits
  3 jellies (D:10)
  7 orc priests
  3 hounds (D:10)
  4 orc wizards
  5 centaur skeletons
  Jessica (D:2)
  Ijyb (D:5)
  An iguana (D:9)
  Terence (D:2)
  3 worker ants
  A howler monkey zombie (D:10)
  3 gnolls (D:4)
  10 adders
  An ooze (D:6)
  4 worms
  A dart slug (D:1)
  6 leopard geckos
  21 orcs
  A ball python (D:6)
  20 bats
  6 giant cockroaches
  4 goblins
  7 hobgoblins
  6 jackals
  5 quokkas
  5 frilled lizards
  6 kobolds
  8 rats
  2 fungi
225 creatures vanquished.

Vanquished Creatures (others)
  A plant (Lair:1)
1 creature vanquished.

Grand Total: 226 creatures vanquished

Notes
Turn   | Place    | Note
-------+----------+-------------------------------------------
     0 | D:1      | vineage the Hill Orc Fighter began the quest for the Orb.
     0 | D:1      | Reached XP level 1. HP: 19/19 MP: 1/1
   164 | D:1      | Reached XP level 2. HP: 27/27 MP: 2/2
   237 | D:1      | Reached skill level 3 in Axes
   370 | D:1      | Reached XP level 3. HP: 33/33 MP: 3/3
   921 | D:2      | Noticed Terence
   930 | D:2      | Killed Terence
   930 | D:2      | Reached skill level 4 in Axes
   930 | D:2      | Reached XP level 4. HP: 32/40 MP: 4/4
  1005 | D:2      | Noticed Jessica
  1012 | D:2      | Killed Jessica
  1188 | D:2      | Found a blossoming altar of Fedhas.
  1387 | D:3      | Reached XP level 5. HP: 46/46 MP: 5/5
  1398 | D:3      | Found an ornate altar of the Wu Jian Council.
  1460 | D:3      | Found a shimmering altar of Xom.
  1489 | D:3      | Reached skill level 5 in Axes
  1918 | D:4      | Reached XP level 6. HP: 44/53 MP: 6/6
  2014 | D:4      | Reached skill level 6 in Axes
  2322 | D:4      | Found a shattered altar of Ashenzari.
  2495 | D:4      | Found a radiant altar of Vehumet.
  2644 | D:4      | Found an opulent altar of Gozag.
  2689 | D:5      | Entered Level 5 of the Dungeon
  2740 | D:5      | Noticed vineage's ghost (novice HOFi)
  2755 | D:5      | Killed vineage's ghost
  2755 | D:5      | Reached skill level 5 in Fighting
  2755 | D:5      | Reached skill level 8 in Axes
  2755 | D:5      | Reached skill level 5 in Shields
  2755 | D:5      | Reached XP level 7. HP: 24/61 MP: 7/7
  2859 | D:5      | Noticed Ijyb
  2870 | D:5      | Paralysed by Ijyb for 3 turns
  2875 | D:5      | Killed Ijyb
  2896 | D:5      | Reached XP level 8. HP: 49/68 MP: 8/8
  3016 | D:5      | Noticed Menkaure
  3025 | D:5      | Killed Menkaure
  3025 | D:5      | Reached skill level 9 in Axes
  3025 | D:5      | Reached skill level 5 in Armour
  3395 | D:6      | Found a sparkling altar of Nemelex Xobeh.
  3432 | D:6      | Reached skill level 10 in Axes
  3662 | D:6      | Reached XP level 9. HP: 47/78 MP: 9/9
  3899 | D:6      | Reached skill level 11 in Axes
  3920 | D:6      | Found the +7 Singing Sword
  4042 | D:6      | You fall through a shaft for 3 floors!
  4118 | D:9      | Noticed a two-headed ogre
  4136 | D:9      | Killed a two-headed ogre
  4495 | D:9      | Reached skill level 12 in Axes
  4770 | D:9      | Gained mutation: You are frail. (-10% HP) [potion of mutation]
  4770 | D:9      | Gained mutation: You occasionally shout uncontrollably at your foes. [potion of mutation]
  4770 | D:9      | Gained mutation: Your spells are a little harder to cast, but a little more powerful. [potion of mutation]
  4791 | D:9      | Reached XP level 10. HP: 26/79 MP: 10/10
  5019 | D:9      | Noticed a three-headed hydra
  5027 | D:9      | Killed a one-headed hydra
  5027 | D:9      | Reached skill level 13 in Axes
  5781 | D:9      | Noticed a two-headed ogre
  5791 | D:9      | Killed a two-headed ogre
  5791 | D:9      | Reached skill level 10 in Fighting
  6425 | D:10     | Entered Level 10 of the Dungeon
  6551 | D:10     | Reached XP level 11. HP: 58/90 MP: 11/11
  6584 | D:10     | Reached skill level 14 in Axes
  7931 | D:10     | Found a staircase to the Lair.
  7986 | D:10     | Killed an unseen horror
  9469 | D:10     | Killed an unseen horror
 10015 | Lair:1   | Entered Level 1 of the Lair of Beasts
 10513 | Lair:1   | Noticed Gastronok
 10536 | Lair:1   | Killed Gastronok
 10536 | Lair:1   | Reached XP level 12. HP: 48/99 MP: 12/12
 10921 | Lair:1   | Noticed aronpayne's ghost (journeyman GnVM)
 10945 | Lair:1   | HP: 3/99 [poisoned by aronpayne's ghost (toxic radiance)]
 10945 | Lair:1   | HP: 1/99 [aronpayne's ghost/Olgreb's Toxic Radiance (2)]
 10947 | Lair:1   | Succumbed to aronpayne's ghost's toxic radiance

Vault maps used:
D:1:      lightli_arrival_isolated_outpost
D:2:      kennysheep_big_flooded_room, lemuel_round_altar, uniq_jessica,
          uniq_terence
D:3:      old_standard_altar, nicolae_overflow_crystal_walls, first_ration
D:4:      nicolae_overflow_hidden_temple, nicolae_ashenzari_panopticon
D:5:      lightli_temple_of_fire, portal_sewer_entry_d, uniq_ijyb, uniq_menkaure
D:6:      old_forge, nemelex_xobeh_ov_fountains_minmay
D:9:      tgw_sif, hangedman_ranch
D:10:     cheibrodos_ideogram_h, minmay_lair_entry_lava
Lair:1:   uniq_gastronok

Skill      XL: |  1  2  3  4  5  6  7  8  9 10 11 |
---------------+----------------------------------+-----
Axes           | 3 4 5 8 10 12 13 14 | 14.6
Fighting       | 4 5 6 8 10 12 | 12.3
Shields        | 4 5 6 7 8 9 |  9.2
Armour         | 4 5 6 7 9 |  9.3

Action                   |  1- 3 |  4- 6 |  7- 9 | 10-12 || total
-------------------------+-------+-------+-------+-------++-------
Melee: War axe           |   100 |   165 |   224 |    17 ||   506
       Hand axe          |       |       |       |   460 ||   460
  Use: Potion            |     1 |     1 |     9 |     5 ||    16
       Scroll            |       |       |       |    16 ||    16
 Stab: Invisible         |       |       |     3 |       ||     3
       Held in net/web   |       |       |     2 |       ||     2
  Eat: Chunk             |       |     6 |     4 |       ||    10
       Ration            |       |       |     1 |     6 ||     7
Armor: Scale mail        |    59 |     2 |       |       ||    61
       Ring mail         |       |    53 |    57 |    13 ||   123
       Plate armour      |       |       |       |   151 ||   151
Dodge: Dodged            |    27 |    52 |    67 |    60 ||   206
Block: Shield            |    53 |    81 |   106 |   165 ||   405

Table legend:
 A = Spawn XP
 B = Non-spawn XP
 C = Spawn XP percentage of total XP
 D = Spawn monster count
 E = Non-spawn monster count
 F = Spawn count percentage of total count
 G = Total turns spent on level
                    A         B        C        D         E        F      G
               +---------+---------+-------+---------+---------+-------+---------
         Total |       0 |   18473 |   0.0 |       0 |     223 |   0.0 | 10947
               +---------+---------+-------+---------+---------+-------+---------
           D:1 |       0 |      35 |   0.0 |       0 |      21 |   0.0 |   642
           D:2 |       0 |     124 |   0.0 |       0 |      24 |   0.0 |   688
           D:3 |       0 |      87 |   0.0 |       0 |      20 |   0.0 |   507
           D:4 |       0 |     333 |   0.0 |       0 |      15 |   0.0 |   852
           D:5 |       0 |    1016 |   0.0 |       0 |      14 |   0.0 |   673
           D:6 |       0 |    1017 |   0.0 |       0 |      30 |   0.0 |   680
           D:9 |       0 |    5721 |   0.0 |       0 |      44 |   0.0 |  2383
          D:10 |       0 |    7000 |   0.0 |       0 |      52 |   0.0 |  3590
        Lair:1 |       0 |    3140 |   0.0 |       0 |       3 |   0.0 |   932
               +---------+---------+-------+---------+---------+-------+---------
